Map: Terraformation EC (Void)

Players

TaylorSwift

  • Race: Terran Terran
  • League: Grandmaster

Dune

  • Race: Terran Terran
  • League: Grandmaster

xongnoc

  • Race: Protoss Protoss
  • League: Gold

Kirito

  • Race: Protoss Protoss
  • League: Diamond

VOD

Have the link to the VOD?

Description

Time

  • Played on: Sept. 27, 2015, 3:08 p.m.
  • Length: 6:02
Show
View Real Time Build Order
Export as new Build Order

TaylorSwift Terran 

Build Orders:  

Get SALT Encoding   

  12  0:00  SCV  
  13  0:13  SCV  
  14  0:18  Supply Depot  
  14  0:25  SCV  
  15  0:39  SCV  
  15  0:41  Barracks  
  16  0:47  Refinery  
  16  0:51  SCV  
  17  1:03  SCV  
  18  1:15  SCV  
  19  1:29  Orbital Command  
  19  1:35  Barracks Reactor  
  19  1:48  Command Center  
  19  1:56  SCV  
  20  2:05  Supply Depot  
  20  2:08  SCV  
  21  2:12  Marine x2  
  23  2:23  Factory  
  23  2:27  SCV  
  24  2:32  Marine x2  
  26  2:39  SCV  
  27  2:51  SCV, Marine x2  
  30  3:01  Orbital Command  
  30  3:03  SCV  
  30  3:04  Bunker  
  30  3:07  Widow Mine  
  30  3:09  Marine x2  
  34  3:15  SCV  
  34  3:18  Starport  
  35  3:27  SCV x2  
  35  3:32  Marine x2  
  39  3:39  SCV x2, Widow Mine  
  39  3:41  Supply Depot  
  43  3:49  Refinery  
  43  3:51  SCV x2, Marine  
  46  4:02  Medivac, Marine  
  49  4:03  SCV x2  
  49  4:06  Supply Depot  
  49  4:09  Widow Mine  
  53  4:15  SCV  
  53  4:17  Supply Depot  
  54  4:27  SCV, Barracks x2, Marine x2  
  54  4:28  SCV  
  55  4:37  Widow Mine  
  55  4:39  SCV  
  55  4:40  SCV  
  55  4:45  Marine x2  
  56  4:46  Medivac  
  56  4:51  SCV  
  56  4:52  SCV  
  57  5:02  Marine x2  
  57  5:05  SCV x2  
  57  5:06  Widow Mine  
  56  5:17  Marine x2  
  56  5:20  Marine x2  
  44  5:30  SCV  
  44  5:31  SCV  
  44  5:35  Marine x2  
  43  5:38  Marine x2  
  35  5:42  SCV  
  35  5:43  SCV  
Show
View Real Time Build Order
Export as new Build Order

Dune Terran 

Build Orders:  

Get SALT Encoding   

  12  0:00  Probe (Chrono Boost)  
  13  0:10  Probe (Chrono Boost)  
  14  0:18  Pylon  
  14  0:20  Probe (Chrono Boost)  
  15  0:35  Probe (Chrono Boost)  
  15  0:39  Gateway  
  16  0:45  Probe (Chrono Boost)  
  16  0:48  Assimilator  
  17  0:55  Probe (Chrono Boost)  
  18  1:05  Probe (Chrono Boost)  
  19  1:15  Probe (Chrono Boost)  
  20  1:28  Nexus  
  20  1:29  Probe (Chrono Boost)  
  21  1:40  Cybernetics Core  
  21  1:44  Probe (Chrono Boost)  
  22  1:51  Pylon  
  22  1:54  Probe (Chrono Boost)  
  22  1:59  Warp Gate  
  23  2:09  Probe (Chrono Boost)  
  24  2:17  Adept  
  24  2:19  Probe (Chrono Boost)  
  27  2:25  Robotics Facility  
  28  2:31  Probe (Chrono Boost)  
  28  2:40  Pylon  
  28  2:42  Probe (Chrono Boost)  
  28  2:44  Probe (Chrono Boost), Adept  
  32  2:52  Probe (Chrono Boost)  
  32  2:56  Probe (Chrono Boost)  
  34  3:02  Probe (Chrono Boost)  
  35  3:08  Warp Prism  
  35  3:09  Gateway  
  35  3:11  Gateway  
  37  3:24  Gateway  
  37  3:28  Gateway  
  37  3:31  Probe (Chrono Boost)  
  37  3:33  Probe (Chrono Boost)  
  39  3:37  Adept  
  41  3:45  Pylon  
  41  3:47  Mothership Core (Chrono Boost), Observer  
  44  3:57  Probe (Chrono Boost)  
  44  4:07  Probe (Chrono Boost)  
  46  4:12  Assimilator  
  46  4:14  Assimilator  
  46  4:15  Assimilator  
  46  4:18  Probe (Chrono Boost)  
  46  4:19  Probe (Chrono Boost), Pylon  
  47  4:32  Adept x3  
  47  4:33  Adept x2  
  47  4:35  Probe (Chrono Boost)  
  47  4:36  Probe (Chrono Boost)  
  59  4:38  Pylon  
  59  4:48  Probe x2 (Chrono Boost)  
  61  4:54  Adept  
  61  4:55  Adept  
  65  5:00  Probe x2 (Chrono Boost)  
  65  5:01  Twilight Council  
  65  5:04  Adept x2  
  69  5:11  Adept  
  69  5:12  Adept  
  67  5:21  Observer  
  67  5:24  Probe (Chrono Boost)  
  67  5:27  Sentry  
  72  5:31  Adept x3  
  78  5:37  Pylon  
  75  5:44  Nexus  
  71  5:51  Adept  
  71  5:52  Probe x2 (Chrono Boost)  
Show
View Real Time Build Order
Export as new Build Order

xongnoc Protoss 

Build Orders:  

Get SALT Encoding   

Show
View Real Time Build Order
Export as new Build Order

Kirito Protoss 

Build Orders:  

Get SALT Encoding   

Tags
 
Add a new tag
Caveats
  • Supply blocks, unpowered buildings, or Contaminate may cause inaccurate times.
  • Supply counts are checked every 10 seconds.